General information
- name: BNet
- type: Ladder team game (AT/RT)
- host: Battle.net
- saver: BRADY-OWN-FLACO
map: TwilightRuins
- players: 8
- length: 60:04
- speed: Fast
- version: 1.26 W3XP
- replay type: Public
» download(331 KB)
Players
team 1 (loser)
Catre (
green | 92 APM | 1565 actions | 17:02)
3 Death Knight
2 Death Coil
1 Unholy Aura
3 Lich
2 Frost Nova
1 Frost Armor
» actions
| Assign group hotkey | 5 | |
| Basic commands | 83 | |
| Build / train | 64 | |
| ESC pressed | 8 | |
| Enter build submenu | 14 | |
| Enter hero's abilities submenu | 7 | |
| Give item / drop item | 1 | |
| Right click | 766 | |
| Select / deselect | 387 | |
| Select group hotkey | 156 | |
| Use ability | 73 | |
1565 total
» units
| Acolyte | 15 | |
| Ghoul | 7 | |
| Crypt Fiend | 11 | |
| Obsidian Statue | 1 | |
34 total
» upgrades
| Creature Attack | 3 | |
| Burrow | 1 | |
| Web | 1 | |
| Creature Carapace | 1 | |
6 total
» buildings
| Graveyard | 1 | |
| Crypt | 1 | |
| Ziggurat | 4 | |
| Altar of Darkness | 1 | |
| Tomb of Relics | 1 | |
| Halls of the Dead | 1 | |
| Black Citadel | 5 | |
| Nerubian Tower | 1 | |
| Slaughterhouse | 1 | |
16 total
» build order
00:08 Graveyard
00:11 Crypt
00:38 Ziggurat
00:57 Altar of Darkness
01:22 Tomb of Relics
02:11 Ziggurat
02:53 Halls of the Dead
03:59 Ziggurat
06:25 Ziggurat
07:12 Black Citadel
07:12 Black Citadel
07:12 Black Citadel
09:13 Nerubian Tower
13:00 Slaughterhouse
» items
| Rod of Necromancy | 1 | |
| Potion of Healing | 1 | |
| Scroll of Town Portal | 1 | |
| Dust of Appearance | 1 | |
| Orb of Corruption | 1 | |
5 total
OoOoOoOoOoOoOo (
blue | 85 APM | 5110 actions | 60:04)
9 Archmage
3 Summon Water Elemental
3 Brilliance Aura
2 Blizzard
1 Mass Teleport
7 Blood Mage
3 Flame Strike
3 Banish
1 Summon Phoenix
» actions
| Assign group hotkey | 57 | |
| Basic commands | 69 | |
| Build / train | 286 | |
| ESC pressed | 29 | |
| Enter build submenu | 69 | |
| Enter hero's abilities submenu | 16 | |
| Give item / drop item | 37 | |
| Remove unit from queue | 2 | |
| Right click | 2204 | |
| Select / deselect | 876 | |
| Select group hotkey | 919 | |
| Use ability | 546 | |
5110 total
» units
| Peasant | 26 | |
| Footman | 4 | |
| Goblin Shredder | 2 | |
| Sorceress | 2 | |
| Gryphon Rider | 3 | |
| Spell Breaker | 1 | |
| Knight | 1 | |
| Siege Engine | 1 | |
| Mur'gul Snarecaster | 1 | |
41 total
» upgrades
| Masonry | 3 | |
| Sorceress Training | 2 | |
| Magic Sentry | 1 | |
| Lumber Harvesting | 2 | |
| Storm Hammers | 1 | |
| Cloud | 1 | |
| Armor | 3 | |
| Swords | 3 | |
| Animal War Training | 1 | |
| Defend | 1 | |
| Long Rifles | 1 | |
| Priest Training | 2 | |
| Control Magic | 1 | |
| Fragmentation Shards | 1 | |
| Flak Cannons | 1 | |
| Flying Machine Bombs | 1 | |
| Barrage | 1 | |
| Flare | 1 | |
| Plating | 3 | |
| Gunpowder | 5 | |
| Backpack | 1 | |
36 total
» buildings
| Altar of Kings | 1 | |
| Barracks | 1 | |
| Farm | 5 | |
| Arcane Vault | 1 | |
| Lumber Mill | 1 | |
| Scout Tower | 49 | |
| Town Hall | 5 | |
| Guard Tower | 57 | |
| Arcane Tower | 30 | |
| Keep | 2 | |
| Arcane Sanctum | 1 | |
| Castle | 3 | |
| Gryphon Aviary | 6 | |
| Blacksmith | 2 | |
| Workshop | 1 | |
165 total
» build order
00:52 Altar of Kings
00:54 Barracks
00:56 Farm
01:07 Farm
01:34 Farm
01:52 Arcane Vault
02:20 Farm
02:52 Lumber Mill
03:13 Farm
03:56 Scout Tower
03:58 Scout Tower
03:59 Scout Tower
04:00 Scout Tower
04:20 Town Hall
04:22 Guard Tower
04:23 Guard Tower
04:24 Guard Tower
04:24 Guard Tower
04:35 Guard Tower
04:52 Guard Tower
04:53 Guard Tower
05:37 Scout Tower
06:34 Scout Tower
06:36 Arcane Tower
07:47 Arcane Tower
07:47 Arcane Tower
07:51 Scout Tower
07:53 Scout Tower
08:28 Guard Tower
09:14 Keep
09:44 Scout Tower
09:45 Scout Tower
09:46 Scout Tower
09:47 Scout Tower
10:24 Guard Tower
10:24 Guard Tower
10:25 Guard Tower
10:25 Guard Tower
10:26 Guard Tower
11:55 Arcane Sanctum
12:15 Castle
12:15 Castle
12:15 Castle
12:51 Gryphon Aviary
12:53 Gryphon Aviary
13:09 Town Hall
13:11 Scout Tower
13:11 Scout Tower
13:12 Scout Tower
13:13 Scout Tower
13:15 Scout Tower
13:16 Scout Tower
13:17 Scout Tower
13:18 Scout Tower
13:20 Scout Tower
13:57 Guard Tower
14:48 Guard Tower
14:48 Guard Tower
14:49 Guard Tower
14:49 Guard Tower
14:49 Guard Tower
14:50 Guard Tower
14:50 Arcane Tower
14:50 Arcane Tower
15:41 Scout Tower
15:42 Scout Tower
15:43 Scout Tower
15:44 Scout Tower
15:47 Scout Tower
15:47 Scout Tower
15:48 Scout Tower
15:50 Scout Tower
15:52 Scout Tower
16:12 Guard Tower
16:12 Guard Tower
16:13 Guard Tower
16:14 Guard Tower
16:14 Guard Tower
16:14 Guard Tower
16:15 Guard Tower
16:15 Guard Tower
19:19 Guard Tower
19:51 Blacksmith
19:53 Blacksmith
22:44 Gryphon Aviary
22:45 Gryphon Aviary
22:47 Gryphon Aviary
22:53 Gryphon Aviary
23:04 Scout Tower
23:04 Scout Tower
23:06 Scout Tower
23:07 Scout Tower
23:09 Scout Tower
23:37 Guard Tower
23:37 Guard Tower
23:39 Guard Tower
23:39 Guard Tower
23:39 Guard Tower
23:40 Guard Tower
23:40 Guard Tower
23:41 Guard Tower
23:42 Guard Tower
23:42 Guard Tower
24:45 Town Hall
26:50 Workshop
28:03 Scout Tower
28:05 Scout Tower
28:05 Scout Tower
28:07 Scout Tower
28:41 Guard Tower
28:42 Guard Tower
28:45 Arcane Tower
38:04 Town Hall
39:11 Scout Tower
39:11 Scout Tower
39:12 Scout Tower
39:13 Scout Tower
40:32 Arcane Tower
40:32 Arcane Tower
40:32 Arcane Tower
49:56 Town Hall
49:58 Scout Tower
49:59 Scout Tower
50:01 Scout Tower
50:02 Scout Tower
50:05 Scout Tower
50:07 Scout Tower
50:27 Arcane Tower
50:27 Arcane Tower
50:27 Arcane Tower
50:28 Arcane Tower
50:28 Arcane Tower
50:28 Arcane Tower
50:29 Arcane Tower
50:29 Arcane Tower
50:31 Arcane Tower
50:31 Arcane Tower
50:36 Arcane Tower
50:36 Arcane Tower
50:36 Arcane Tower
» items
| Scroll of Regeneration | 14 | |
| Mechanical Critter | 4 | |
| Staff of Teleportation | 2 | |
| Periapt of Vitality | 6 | |
| Boots of Speed | 1 | |
| Orb of Corruption | 1 | |
| Rod of Necromancy | 1 | |
| Dust of Appearance | 1 | |
| Lesser Clarity Potion | 6 | |
| Tome of Retraining | 1 | |
| Scroll of Town Portal | 7 | |
| Potion of Healing | 3 | |
| Potion of Mana | 3 | |
| Pendant of Energy | 2 | |
| Potion of Invisibility | 1 | |
| Scroll of Protection | 1 | |
| Scroll of Healing | 1 | |
| Potion of Greater Mana | 1 | |
| Mana Stone | 1 | |
57 total
MazzyStar (
red | 46 APM | 2736 actions | 60:04)
10 Blademaster
3 Wind Walk
3 Critical Strike
1 Bladestorm
3 Mirror Image
» actions
| Assign group hotkey | 92 | |
| Basic commands | 55 | |
| Build / train | 93 | |
| Enter build submenu | 56 | |
| Enter hero's abilities submenu | 10 | |
| Give item / drop item | 14 | |
| Right click | 1498 | |
| Select / deselect | 375 | |
| Select group hotkey | 271 | |
| Use ability | 272 | |
2736 total
» units
| Peon | 8 | |
| Grunt | 8 | |
| Goblin Shredder | 1 | |
| Goblin Sapper | 4 | |
| Wind Rider | 4 | |
| Troll Witch Doctor | 5 | |
| Goblin Zeppelin | 2 | |
32 total
» upgrades
| Reinforced Defenses | 1 | |
| Ranged Weapons | 3 | |
| Armor | 3 | |
| Liquid Fire | 1 | |
| Envenomed Spears | 1 | |
| Ensnare | 1 | |
| Pillage | 1 | |
| Troll Regeneration | 1 | |
| Witch Doctor Training | 2 | |
14 total
» buildings
| Orc Burrow | 6 | |
| Altar of Storms | 1 | |
| Barracks | 1 | |
| Voodoo Lounge | 3 | |
| Stronghold | 3 | |
| War Mill | 2 | |
| Great Hall | 2 | |
| Fortress | 1 | |
| Beastiary | 4 | |
| Watch Tower | 35 | |
| Spirit Tower | 1 | |
| Ziggurat | 4 | |
| Spirit Lodge | 1 | |
64 total
» build order
00:15 Orc Burrow
00:50 Altar of Storms
00:51 Barracks
01:08 Orc Burrow
01:46 Voodoo Lounge
02:49 Stronghold
02:49 Stronghold
03:53 War Mill
04:05 Orc Burrow
05:15 Great Hall
05:23 Fortress
06:48 Beastiary
06:49 Beastiary
06:53 Beastiary
07:04 Beastiary
09:02 Watch Tower
09:05 Watch Tower
09:06 Watch Tower
09:34 War Mill
09:43 Orc Burrow
09:50 Watch Tower
09:50 Watch Tower
09:51 Watch Tower
09:51 Watch Tower
10:14 Watch Tower
10:15 Watch Tower
10:16 Watch Tower
10:17 Watch Tower
10:19 Watch Tower
10:19 Watch Tower
10:22 Watch Tower
10:23 Watch Tower
17:21 Spirit Tower
18:54 Ziggurat
18:56 Ziggurat
18:57 Ziggurat
18:58 Ziggurat
20:52 Watch Tower
20:53 Watch Tower
20:57 Watch Tower
20:57 Watch Tower
20:59 Watch Tower
20:59 Watch Tower
21:29 Watch Tower
21:31 Watch Tower
21:38 Watch Tower
21:41 Watch Tower
21:46 Watch Tower
22:03 Watch Tower
22:05 Watch Tower
22:07 Watch Tower
22:09 Watch Tower
22:11 Watch Tower
32:19 Voodoo Lounge
33:04 Orc Burrow
33:09 Orc Burrow
38:12 Great Hall
38:16 Voodoo Lounge
38:18 Spirit Lodge
38:22 Watch Tower
38:23 Watch Tower
38:26 Watch Tower
38:26 Watch Tower
» items
| Healing Salve | 9 | |
| Scroll of Town Portal | 5 | |
| Periapt of Vitality | 3 | |
| Potion of Lesser Invulnerability | 1 | |
| Orb of Corruption | 1 | |
| Potion of Healing | 4 | |
| Potion of Mana | 3 | |
| Lesser Clarity Potion | 3 | |
| Scroll of Healing | 1 | |
| Ankh of Reincarnation | 1 | |
31 total

»
acegilbert (
purple | 36 APM | 2167 actions | 60:04)
3 Dreadlord
2 Sleep
1 Vampiric Aura
3 Death Knight
1 Unholy Aura
1 Death Pact
1 Animate Dead
» actions
| Assign group hotkey | 32 | |
| Build / train | 71 | |
| ESC pressed | 1 | |
| Enter build submenu | 41 | |
| Enter hero's abilities submenu | 6 | |
| Remove unit from queue | 8 | |
| Right click | 847 | |
| Select / deselect | 397 | |
| Select group hotkey | 675 | |
| Use ability | 89 | |
2167 total
» units
| Acolyte | 13 | |
| Ghoul | 7 | |
| Gargoyle | 4 | |
| Crypt Fiend | 7 | |
| Abomination | 2 | |
33 total
» upgrades
| Cannibalize | 1 | |
| Creature Attack | 2 | |
| Creature Carapace | 3 | |
| Web | 1 | |
7 total
» buildings
| Ziggurat | 15 | |
| Altar of Darkness | 2 | |
| Crypt | 6 | |
| Nerubian Tower | 1 | |
| Graveyard | 2 | |
| Tomb of Relics | 2 | |
| Halls of the Dead | 2 | |
| Black Citadel | 1 | |
| Necropolis | 4 | |
| Spirit Tower | 3 | |
| Sacrificial Pit | 1 | |
39 total
» build order
00:16 Ziggurat
00:22 Altar of Darkness
00:30 Crypt
01:17 Nerubian Tower
01:34 Graveyard
02:00 Tomb of Relics
02:23 Ziggurat
03:07 Crypt
03:23 Ziggurat
06:40 Halls of the Dead
07:37 Crypt
07:48 Ziggurat
11:20 Ziggurat
11:29 Ziggurat
11:58 Black Citadel
12:04 Necropolis
12:13 Ziggurat
12:16 Ziggurat
12:20 Ziggurat
13:11 Spirit Tower
14:47 Sacrificial Pit
15:54 Spirit Tower
20:10 Spirit Tower
24:05 Necropolis
25:10 Necropolis
26:56 Ziggurat
27:00 Ziggurat
27:16 Altar of Darkness
28:33 Ziggurat
30:27 Tomb of Relics
30:31 Ziggurat
30:35 Ziggurat
30:40 Ziggurat
31:33 Crypt
31:35 Halls of the Dead
31:41 Crypt
31:44 Crypt
31:53 Graveyard
38:07 Necropolis
» items
| Potion of Healing | 2 | |
| Potion of Mana | 2 | |
| Scroll of Town Portal | 3 | |
| Dust of Appearance | 1 | |
| Potion of Lesser Invulnerability | 1 | |
| Orb of Lightning | 1 | |
10 total
team 2 (winner)
air_head (
teal | 48 APM | 2574 actions | 53:37)
6 Blademaster
2 Wind Walk
2 Mirror Image
1 Critical Strike
1 Bladestorm
» actions
| Assign group hotkey | 137 | |
| Basic commands | 3 | |
| Build / train | 96 | |
| Enter build submenu | 45 | |
| Enter hero's abilities submenu | 6 | |
| Give item / drop item | 1 | |
| Remove unit from queue | 2 | |
| Right click | 1343 | |
| Select / deselect | 662 | |
| Select group hotkey | 133 | |
| Use ability | 146 | |
2574 total
» units
| Peon | 29 | |
| Grunt | 7 | |
| Tauren | 13 | |
| Troll Witch Doctor | 6 | |
| Shaman | 9 | |
64 total
» upgrades
| Armor | 4 | |
| Melee Weapons | 3 | |
| Spiked Barricades | 1 | |
| Shaman Training | 2 | |
| Witch Doctor Training | 2 | |
| Pulverize | 1 | |
| Pillage | 1 | |
| Reinforced Defenses | 1 | |
| Backpack | 1 | |
16 total
» buildings
| Orc Burrow | 18 | |
| Altar of Storms | 3 | |
| War Mill | 1 | |
| Barracks | 1 | |
| Voodoo Lounge | 1 | |
| Stronghold | 1 | |
| Great Hall | 8 | |
| Fortress | 1 | |
| Spirit Lodge | 2 | |
| Tauren Totem | 2 | |
| Watch Tower | 6 | |
44 total
» build order
00:06 Orc Burrow
00:08 Altar of Storms
01:28 War Mill
01:42 Barracks
02:09 Orc Burrow
02:42 Voodoo Lounge
03:30 Orc Burrow
04:43 Stronghold
05:45 Great Hall
06:51 Orc Burrow
06:52 Orc Burrow
06:53 Orc Burrow
07:36 Fortress
10:34 Spirit Lodge
10:39 Tauren Totem
10:39 Tauren Totem
12:01 Spirit Lodge
16:33 Orc Burrow
16:33 Orc Burrow
16:35 Orc Burrow
19:48 Watch Tower
19:48 Watch Tower
19:51 Watch Tower
19:51 Watch Tower
19:55 Watch Tower
19:55 Watch Tower
23:32 Great Hall
23:46 Orc Burrow
28:23 Great Hall
28:47 Great Hall
30:44 Great Hall
33:20 Altar of Storms
34:23 Orc Burrow
35:24 Orc Burrow
35:45 Orc Burrow
36:11 Orc Burrow
37:51 Altar of Storms
39:08 Great Hall
39:44 Orc Burrow
39:45 Orc Burrow
40:16 Orc Burrow
40:26 Orc Burrow
43:42 Great Hall
44:09 Great Hall
» items
| Healing Salve | 2 | |
| Orb of Lightning | 1 | |
| Lesser Clarity Potion | 2 | |
5 total
fracture2 (
orange | 32 APM | 1652 actions | 51:09)
5 Archmage
2 Summon Water Elemental
3 Brilliance Aura
4 Paladin
2 Holy Light
2 Devotion Aura
3 Mountain King
2 Storm Bolt
1 Thunder Clap
» actions
| Assign group hotkey | 80 | |
| Basic commands | 297 | |
| Build / train | 125 | |
| ESC pressed | 1 | |
| Enter build submenu | 43 | |
| Enter hero's abilities submenu | 12 | |
| Give item / drop item | 5 | |
| Right click | 4 | |
| Select / deselect | 426 | |
| Select group hotkey | 506 | |
| Use ability | 153 | |
1652 total
» units
| Peasant | 24 | |
| Rifleman | 21 | |
| Goblin Shredder | 1 | |
| Priest | 10 | |
| Sorceress | 4 | |
| Mortar Team | 5 | |
65 total
» upgrades
| Gunpowder | 3 | |
| Armor | 3 | |
| Long Rifles | 1 | |
| Priest Training | 2 | |
| Sorceress Training | 2 | |
| Lumber Harvesting | 1 | |
| Masonry | 4 | |
| Fragmentation Shards | 1 | |
| Flare | 1 | |
18 total
» buildings
| Altar of Kings | 2 | |
| Farm | 20 | |
| Blacksmith | 1 | |
| Barracks | 2 | |
| Arcane Vault | 1 | |
| Lumber Mill | 2 | |
| Town Hall | 3 | |
| Keep | 1 | |
| Castle | 1 | |
| Arcane Sanctum | 2 | |
| Workshop | 1 | |
| Scout Tower | 8 | |
| Guard Tower | 7 | |
51 total
» build order
00:13 Altar of Kings
00:20 Farm
01:00 Blacksmith
01:25 Farm
01:48 Barracks
01:57 Barracks
02:10 Farm
02:52 Arcane Vault
02:59 Farm
03:16 Lumber Mill
03:42 Farm
04:27 Farm
04:59 Town Hall
05:27 Farm
05:57 Keep
08:47 Farm
11:25 Castle
11:32 Farm
11:36 Arcane Sanctum
11:40 Arcane Sanctum
11:45 Workshop
12:35 Farm
14:24 Farm
14:36 Farm
15:10 Farm
16:03 Farm
16:44 Farm
16:59 Town Hall
19:22 Scout Tower
21:45 Scout Tower
21:46 Guard Tower
22:22 Town Hall
24:38 Scout Tower
26:04 Farm
27:02 Farm
27:54 Guard Tower
27:56 Guard Tower
28:54 Scout Tower
28:58 Scout Tower
29:29 Lumber Mill
30:32 Guard Tower
30:34 Guard Tower
30:39 Scout Tower
31:23 Guard Tower
31:26 Scout Tower
33:22 Scout Tower
33:24 Guard Tower
38:36 Farm
39:13 Altar of Kings
40:19 Farm
41:10 Farm
» items
| Scroll of Regeneration | 2 | |
| Scroll of Town Portal | 5 | |
| Lesser Clarity Potion | 4 | |
| Periapt of Vitality | 1 | |
| Boots of Speed | 3 | |
| Orb of Lightning | 2 | |
| Orb of Fire | 1 | |
18 total
BRADY-OWN-FLACO (
yellow | 46 APM | 2735 actions | 60:04)
6 Blademaster
3 Wind Walk
2 Critical Strike
1 Bladestorm
4 Shadow Hunter
2 Hex
2 Healing Wave
» actions
| Assign group hotkey | 54 | |
| Basic commands | 89 | |
| Build / train | 82 | |
| Enter build submenu | 18 | |
| Enter hero's abilities submenu | 10 | |
| Give item / drop item | 3 | |
| Remove unit from queue | 4 | |
| Right click | 1178 | |
| Select / deselect | 340 | |
| Select group hotkey | 783 | |
| Use ability | 174 | |
2735 total
» units
| Peon | 12 | |
| Wind Rider | 20 | |
| Goblin Shredder | 1 | |
| Goblin Sapper | 8 | |
| Giant Sea Turtle | 1 | |
| Makrura Snapper | 1 | |
| Mur'gul Snarecaster | 1 | |
44 total
» upgrades
| Reinforced Defenses | 1 | |
| Envenomed Spears | 1 | |
| Ranged Weapons | 1 | |
| Armor | 1 | |
4 total
» buildings
| Altar of Storms | 1 | |
| Orc Burrow | 8 | |
| Stronghold | 1 | |
| Voodoo Lounge | 1 | |
| War Mill | 1 | |
| Beastiary | 4 | |
| Fortress | 2 | |
| Great Hall | 2 | |
| Watch Tower | 13 | |
33 total
» build order
00:08 Altar of Storms
00:21 Orc Burrow
00:56 Stronghold
01:32 Orc Burrow
01:41 Voodoo Lounge
01:49 War Mill
02:33 Orc Burrow
02:35 Orc Burrow
03:20 Beastiary
03:54 Beastiary
04:35 Fortress
06:03 Great Hall
06:14 Orc Burrow
06:15 Orc Burrow
07:36 Beastiary
07:39 Orc Burrow
11:58 Watch Tower
11:59 Watch Tower
11:59 Watch Tower
12:00 Watch Tower
12:00 Watch Tower
14:41 Watch Tower
14:41 Watch Tower
14:42 Watch Tower
14:42 Watch Tower
14:43 Watch Tower
14:44 Watch Tower
14:45 Watch Tower
14:45 Watch Tower
17:34 Beastiary
17:37 Orc Burrow
18:47 Great Hall
» items
| Healing Salve | 2 | |
| Lesser Clarity Potion | 2 | |
| Orb of Lightning | 1 | |
| Scroll of Town Portal | 3 | |
| Dust of Appearance | 1 | |
| Staff of Teleportation | 2 | |
| Potion of Lesser Invulnerability | 2 | |
| Boots of Speed | 1 | |
14 total

»
Omg_1m_So_Noob (
pink | 26 APM | 628 actions | 23:44)
2 Blademaster
1 Wind Walk
1 Critical Strike
» actions
| Assign group hotkey | 5 | |
| Build / train | 43 | |
| Enter build submenu | 16 | |
| Enter hero's abilities submenu | 2 | |
| Right click | 392 | |
| Select / deselect | 118 | |
| Select group hotkey | 21 | |
| Use ability | 31 | |
628 total
» units
» buildings
| Altar of Storms | 1 | |
| Orc Burrow | 5 | |
| War Mill | 1 | |
| Watch Tower | 4 | |
| Voodoo Lounge | 1 | |
| Stronghold | 1 | |
| Beastiary | 2 | |
| Fortress | 1 | |
16 total
» build order
00:25 Altar of Storms
00:31 Orc Burrow
01:58 War Mill
02:42 Orc Burrow
03:18 Watch Tower
03:24 Voodoo Lounge
03:40 Orc Burrow
05:44 Watch Tower
06:05 Orc Burrow
06:54 Watch Tower
08:01 Stronghold
08:04 Orc Burrow
09:56 Watch Tower
10:27 Beastiary
10:32 Beastiary
17:37 Fortress
» items
| Healing Salve | 1 | |
| Lesser Clarity Potion | 1 | |
| Scroll of Town Portal | 1 | |
3 total
Chat log
(00:29 / Allies) fracture2: should be a good game yellow
(00:31 / Allies) BRADY-OWN-FLACO: aye
(00:37 / Allies) BRADY-OWN-FLACO: soeone feed me ill make this a quick game
(00:42 / Allies) fracture2: hope so
(00:50 / Allies) BRADY-OWN-FLACO: ty
(00:57 / Allies) Omg_1m_So_Noob: imma feed
(01:01 / Allies) BRADY-OWN-FLACO: k
(01:01 / Allies) Omg_1m_So_Noob: im noob any way
(01:17 / Allies) Omg_1m_So_Noob: il try get some air
(02:20 / All) BRADY-OWN-FLACO: oh shit green 40-23 try har din the house
(02:26 / All) Catre: bro
(02:37 / All) Catre: smurf alert
(02:49 / All) BRADY-OWN-FLACO: kodo #1
(03:02 / All) Catre: mmr favors me
(03:15 / All) BRADY-OWN-FLACO: but not luck
(03:29 / All) Catre: yeah mmr is 100% skill
(03:43 / Allies) BRADY-OWN-FLACO: wood
(04:04 / Allies) BRADY-OWN-FLACO: scout green
(05:41 / Allies) BRADY-OWN-FLACO: keep wooding me plz just for a bit more
(05:45 / All) OoOoOoOoOoOoOo: didn't have sound on to notice that
(07:25 / Allies) BRADY-OWN-FLACO: hit expos come
(07:30 / All) OoOoOoOoOoOoOo: fuck I hate purge
(07:34 / All) OoOoOoOoOoOoOo: and critters blocking units
(08:45 / All) MazzyStar: level 1
(09:28 / Allies) BRADY-OWN-FLACO: gogo
(10:21 / Allies) air_head: dl
(11:36 / Allies) air_head: b
(11:52 / Allies) air_head: wood?
(12:16 / Allies) BRADY-OWN-FLACO: push green again
(12:41 / Allies) Omg_1m_So_Noob: i feed ok?
(12:48 / Allies) air_head: wood me
(13:25 / All) MazzyStar: you bitches want to interfere?
(13:38 / All) OoOoOoOoOoOoOo: wtf
(13:42 / All) OoOoOoOoOoOoOo: I had toggle formation on for some reason
(13:46 / All) OoOoOoOoOoOoOo: misclick at some point I guess
(14:08 / All) MazzyStar: lawl
(14:10 / All) air_head: lol
(14:18 / Allies) air_head: wood?
(15:22 / Allies) air_head: pink use bat
(15:24 / Allies) air_head: plz
(18:16 / Allies) BRADY-OWN-FLACO: leave it
(18:41 / All) MazzyStar: he batted a mirage lawl
(18:46 / All) air_head: lol
(19:10 / All) Omg_1m_So_Noob: you mad red?
(19:15 / All) MazzyStar: huh
(19:15 / All) Omg_1m_So_Noob: you lose
(19:19 / All) MazzyStar: k lol
(19:22 / All) air_head: lol
(19:23 / All) OoOoOoOoOoOoOo: Pink erased from the map
(19:25 / All) OoOoOoOoOoOoOo: just like that
(19:26 / All) Omg_1m_So_Noob: i fed my team all game
(19:28 / All) OoOoOoOoOoOoOo: easy, no challenge
(19:32 / All) OoOoOoOoOoOoOo: not all game
(19:35 / All) OoOoOoOoOoOoOo: you aren't now after all
(19:37 / All) MazzyStar: pink is content being a dick rider I guess
(19:40 / Allies) air_head: y yellow y?
(19:45 / Allies) BRADY-OWN-FLACO: huh?
(19:53 / All) Omg_1m_So_Noob: you losew
(20:03 / All) Omg_1m_So_Noob: see how my team = fed
(20:20 / All) Omg_1m_So_Noob: cant stop them
(20:29 / Allies) BRADY-OWN-FLACO: sorry
(20:31 / Allies) BRADY-OWN-FLACO: this is busneinss
(20:36 / All) Omg_1m_So_Noob: you can only backdoor
(20:52 / All) Omg_1m_So_Noob: gg noobs
(21:06 / All) MazzyStar: lol
(21:07 / Allies) fracture2: wtf yellow
(21:12 / All) OoOoOoOoOoOoOo: lmao teal
(21:16 / Allies) BRADY-OWN-FLACO: its just business
(21:17 / Allies) BRADY-OWN-FLACO: orange
(21:21 / Allies) BRADY-OWN-FLACO: plz dont mind me
(21:21 / All) MazzyStar: no offense but oyu shoulkd n't call anyone a noob
(21:31 / Allies) fracture2: y u tk
(21:33 / All) Omg_1m_So_Noob: u mad
(21:36 / All) Omg_1m_So_Noob: noob
(21:39 / Allies) BRADY-OWN-FLACO: making it even
(21:49 / All) MazzyStar: apt name
(21:59 / Allies) air_head: gold me
(22:02 / Allies) Omg_1m_So_Noob: wtf yellow
(22:05 / Allies) Omg_1m_So_Noob: why
(22:10 / Allies) air_head: gold me plz
(22:28 / Allies) air_head: gold plz
(22:33 / All) OoOoOoOoOoOoOo: teal just got fuckign demolished by 2 heroes
(22:49 / Allies) air_head: lol
(23:03 / All) BRADY-OWN-FLACO: die traitor
(23:06 / All) BRADY-OWN-FLACO: all heil brady
(24:34 / Allies) BRADY-OWN-FLACO: no no oj
(24:36 / Allies) BRADY-OWN-FLACO: u get 3 heros
(24:37 / Allies) BRADY-OWN-FLACO: thats it
(24:40 / Allies) BRADY-OWN-FLACO: no rifles
(24:52 / Allies) fracture2: wtf man
(24:53 / Allies) air_head: yellow
(24:55 / Allies) BRADY-OWN-FLACO: ill leave ur heros alone
(24:57 / Allies) BRADY-OWN-FLACO: u get no rifles
(25:08 / Allies) fracture2: oik so u lose the wyves
(25:18 / All) BRADY-OWN-FLACO: lawl
(25:30 / All) BRADY-OWN-FLACO: i told him orange gets to keep his heroes and have no units and hes like "so lose ur wyverns"
(25:57 / All) OoOoOoOoOoOoOo: welcome to food block hell, orange
(26:17 / Allies) BRADY-OWN-FLACO: send ur non hero units to me oj
(26:37 / Allies) fracture2: what are we doing here
(26:39 / Allies) air_head: yellow
(26:46 / Allies) BRADY-OWN-FLACO: just making it fair
(27:03 / Allies) air_head: yellow
(27:09 / All) MazzyStar: RUN RUNNER
(27:20 / Allies) fracture2: in eed a priest at least
(27:24 / Allies) BRADY-OWN-FLACO: k
(27:27 / Allies) BRADY-OWN-FLACO: 2 priests
(27:48 / Allies) air_head: yuellow
(27:53 / Allies) air_head: let me some of that 6k
(27:54 / Allies) BRADY-OWN-FLACO: yes?
(27:57 / Allies) BRADY-OWN-FLACO: how much
(28:00 / Allies) BRADY-OWN-FLACO: 400 for now
(28:05 / Allies) air_head: enough to rebuild
(29:13 / Allies) BRADY-OWN-FLACO: gonna kill my towers
(29:15 / Allies) BRADY-OWN-FLACO: so they cant get exp
(29:17 / Allies) BRADY-OWN-FLACO: from em'
(29:58 / Allies) fracture2: red has a shit load of wyves
(30:03 / Allies) BRADY-OWN-FLACO: i got him
(30:06 / Allies) BRADY-OWN-FLACO: he cant touch me
(30:27 / Allies) BRADY-OWN-FLACO: '
(30:31 / Allies) air_head: yellow
(30:32 / Allies) BRADY-OWN-FLACO: teal how did u know i used sappers on ur expo
(30:34 / Allies) BRADY-OWN-FLACO: how did u se eit
(31:08 / Allies) BRADY-OWN-FLACO: teal?
(31:11 / Allies) BRADY-OWN-FLACO: im curious
(31:15 / All) OoOoOoOoOoOoOo: wow
(31:19 / All) OoOoOoOoOoOoOo: that does more damage than I thought
(31:25 / Allies) air_head: i saw you
(31:31 / Allies) air_head: y did you do it?
(31:32 / All) BRADY-OWN-FLACO: teal wont tell me how he knew to look at my sappers killing his expo
(31:34 / All) BRADY-OWN-FLACO: i thought i was being sly
(31:38 / Allies) air_head: lol
(31:40 / Allies) air_head: i saw it
(31:43 / Allies) air_head: stragiht up
(31:53 / Allies) air_head: yellow
(32:02 / Allies) BRADY-OWN-FLACO: yes?
(32:27 / Allies) air_head: save my base if red hits it plz
(32:34 / Allies) BRADY-OWN-FLACO: got ur back
(32:36 / Allies) fracture2: ok we supposed to win this yellow or waht?
(32:40 / Allies) BRADY-OWN-FLACO: yea
(32:42 / Allies) BRADY-OWN-FLACO: we got it
(32:55 / Allies) air_head: yellow
(32:58 / Allies) fracture2: gold
(32:58 / Allies) BRADY-OWN-FLACO: hit green
(33:15 / Allies) air_head: ty
(34:25 / All) BRADY-OWN-FLACO: purp still here lawl
(34:43 / Allies) fracture2: gold
(35:15 / Allies) fracture2: yellow
(35:17 / Allies) fracture2: my base
(35:26 / Allies) BRADY-OWN-FLACO: coming
(35:30 / Allies) BRADY-OWN-FLACO: dont have top have to walk
(35:52 / Allies) fracture2: gld
(35:54 / Allies) fracture2: go0ld
(35:55 / Allies) fracture2: gold
(36:21 / Allies) BRADY-OWN-FLACO: which heor first?
(36:31 / All) MazzyStar: shadow hunter is a bitch hero
(37:17 / Allies) fracture2: gold
(37:22 / All) MazzyStar: predictable
(37:54 / Allies) fracture2: they arent playing by ur rules yellow. so we lose.....
(37:59 / Allies) fracture2: wtf
(38:02 / Allies) BRADY-OWN-FLACO: we got this
(38:06 / Allies) BRADY-OWN-FLACO: i have 3 expos
(38:07 / Allies) fracture2: nope
(38:08 / Allies) BRADY-OWN-FLACO: 10k gold
(38:21 / Allies) air_head: share some gold plz
(38:24 / Allies) fracture2: give me like 3k
(38:24 / Allies) air_head: i can get back into this game
(38:53 / Allies) air_head: wood?
(39:00 / All) MazzyStar: need gems of true seeing
(39:10 / All) BRADY-OWN-FLACO: i think i remember that item from campaign
(39:34 / All) MazzyStar: it's a roc item
(39:37 / Allies) fracture2: gold
(40:25 / All) BRADY-OWN-FLACO: purp wut u do with green sunit
(40:26 / Allies) fracture2: gold
(40:43 / All) acegilbert: something to do
(41:05 / Allies) fracture2: gold
(41:34 / Allies) fracture2: need 2 hundred for hero
(42:18 / Allies) air_head: lol
(42:27 / Allies) fracture2: we r losing
(42:30 / Allies) air_head: bad
(42:31 / Allies) BRADY-OWN-FLACO: we got it
(42:32 / Allies) air_head: we are done
(42:34 / Allies) BRADY-OWN-FLACO: now we arnet
(42:39 / Allies) fracture2: green is coming back hard
(42:48 / Allies) fracture2: too bad i dont have units
(42:56 / Allies) fracture2: i thought u wanted to win?
(43:00 / Allies) BRADY-OWN-FLACO: i do and we are
(43:04 / Allies) BRADY-OWN-FLACO: lets hit green come
(44:03 / Allies) fracture2: ?
(44:11 / Allies) BRADY-OWN-FLACO: i didnt give u gold for nothing lets hit a base
(44:16 / Allies) fracture2: go
(44:28 / All) BRADY-OWN-FLACO: attack men
(45:39 / All) MazzyStar: nice choice
(45:59 / Allies) fracture2: gold
(46:23 / All) OoOoOoOoOoOoOo: fuck
(46:29 / All) OoOoOoOoOoOoOo: so desperate I have to sacrifice peasants as an army
(46:35 / All) MazzyStar: oooo
(46:40 / All) OoOoOoOoOoOoOo: if we can get this hall
(46:41 / All) OoOoOoOoOoOoOo: we win
(47:18 / All) air_head: lol
(47:20 / All) MazzyStar: gotcha
(47:34 / All) BRADY-OWN-FLACO: die purple
(47:35 / All) BRADY-OWN-FLACO: die
(47:41 / All) acegilbert: lol
(48:10 / All) BRADY-OWN-FLACO: damn 1600 hp on bm
(48:12 / All) BRADY-OWN-FLACO: no dps tho
(48:16 / All) air_head: leave him red
(48:22 / All) acegilbert: red and blue each have 30k gold
(48:24 / All) MazzyStar: he's a workhorse
(48:46 / All) air_head: yellow why do you suck so much?
(48:50 / All) BRADY-OWN-FLACO: what
(49:01 / All) air_head: why do you suck so much dick?
(49:07 / Allies) air_head: is that any clearer?
(49:08 / All) BRADY-OWN-FLACO: why do u think it
(49:11 / Allies) air_head: your a scrub
(49:16 / All) air_head: thats y
(49:17 / All) BRADY-OWN-FLACO: i ain tno scrub
(49:19 / All) air_head: s
(49:21 / Allies) air_head: c
(49:21 / All) OoOoOoOoOoOoOo: teal thinks he won
(49:22 / Allies) air_head: r
(49:23 / All) OoOoOoOoOoOoOo: lol
(49:23 / Allies) air_head: p
(49:28 / All) OoOoOoOoOoOoOo: but I'm 1 step closer to an icon fair and square
(49:30 / All) BRADY-OWN-FLACO: teal thinks he won
(49:35 / All) air_head: i think i won
(49:44 / All) air_head: i think im winning
(49:53 / All) air_head: too bad i got scrub yellow on my team
(50:00 / All) BRADY-OWN-FLACO: i aimt no scrub man
(50:04 / Allies) fracture2: u just fucked me on purpose yellow
(50:09 / All) BRADY-OWN-FLACO: im gonna be a police officer one day
(50:16 / All) air_head: scrub
(50:46 / All) OoOoOoOoOoOoOo: let's kill noob yellow's hall
(50:59 / All) air_head: yellow is a scub, and blue is even a bigger scrub
(51:00 / All) OoOoOoOoOoOoOo: fucking noob
(51:06 / All) OoOoOoOoOoOoOo: LOL I killed your main with just heroes
(51:07 / All) MazzyStar: lol
(51:08 / All) air_head: we got two scrubs folks!
(51:21 / All) BRADY-OWN-FLACO: who was the 2nd scrub?
(51:23 / All) acegilbert: he was angry
(51:24 / All) BRADY-OWN-FLACO: he wsa referring to
(51:30 / All) MazzyStar: this BM just doesn't care
(51:30 / All) OoOoOoOoOoOoOo: hero stuck bug
(51:35 / All) MazzyStar: Kigami ain't never gonna die
(51:53 / All) BRADY-OWN-FLACO: i felt kinda bad for my team they fed me so much
(52:08 / All) acegilbert: and then you killed oj?
(52:50 / All) OoOoOoOoOoOoOo: LMAO
(52:50 / All) MazzyStar: lawl
(52:53 / All) air_head: lawl
(53:09 / All) MazzyStar: lawl
(53:13 / All) OoOoOoOoOoOoOo: LMOAAAAAA
(53:20 / All) air_head: i think i am winning
(53:21 / All) BRADY-OWN-FLACO: this was a fair game green i wish stayed longer try hard ass hole
(53:42 / All) MazzyStar: heh
(53:43 / All) MazzyStar: well
(53:44 / All) OoOoOoOoOoOoOo: guess he doesn't think he's winning
(53:45 / All) BRADY-OWN-FLACO: i dont care if purp wins
(53:46 / All) MazzyStar: he gets a tie
(53:49 / All) OoOoOoOoOoOoOo: leaves right after saying that
(53:49 / All) BRADY-OWN-FLACO: just give purp win?
(53:56 / All) MazzyStar: what's purps rec
(54:01 / All) OoOoOoOoOoOoOo: 818-852
(54:07 / All) acegilbert: purp earned it
(54:07 / All) MazzyStar: whats teals
(54:09 / All) acegilbert: lol
(54:11 / All) BRADY-OWN-FLACO: "acegilbert" sounds like a real winner
(54:18 / All) BRADY-OWN-FLACO: do u guys think purp earned it
(54:18 / All) OoOoOoOoOoOoOo: teal 80-89
(54:22 / All) MazzyStar: sounds like the nerd chick from garfield and friends
(54:33 / All) MazzyStar: doesn't matter to me
(54:36 / All) acegilbert: probably a read d-bag
(55:04 / All) BRADY-OWN-FLACO: so i leave?
(55:12 / All) MazzyStar: yeh go ahead
(55:22 / All) MazzyStar: Kigami needs recovery ring
(56:00 / All) BRADY-OWN-FLACO: gonna get ur last building purp
(57:01 / All) BRADY-OWN-FLACO: small break gonna watch patriot game a bit
(57:08 / All) BRADY-OWN-FLACO: when do we play our next 3rd game?
(57:13 / All) OoOoOoOoOoOoOo: I'm ready anytime
(57:44 / All) BRADY-OWN-FLACO: bob u asshole lawl
(57:49 / All) MazzyStar: wut
(57:57 / All) BRADY-OWN-FLACO: its gilbert then
(58:10 / All) OoOoOoOoOoOoOo: last building
(58:11 / All) OoOoOoOoOoOoOo: I think
(58:14 / All) MazzyStar: gilbert would attack
(58:17 / All) acegilbert: oh... ace
(58:20 / All) MazzyStar: fight my BM
(58:25 / All) BRADY-OWN-FLACO: small break?
(59:20 / All) BRADY-OWN-FLACO: owndddddd
(59:21 / All) MazzyStar: I had ankh
(59:27 / All) BRADY-OWN-FLACO: i wouldnt have go tit
(59:33 / All) BRADY-OWN-FLACO: small break
(59:34 / All) MazzyStar: you would ahve
(59:36 / All) MazzyStar: eventually
(59:37 / All) BRADY-OWN-FLACO: 20 min break
(59:39 / All) OoOoOoOoOoOoOo: oh that wasn't last building
(59:52 / All) MazzyStar: but then I'd respawn with 1575 health